 Dungeon Crawl Stone Soup version 0.19-a0-1127-gac58878 (webtiles) character file.

68 Ijustatesigmund the Skirmisher (level 4, 28/35 HPs)
             Began as a Demonspawn Fighter on Aug 12, 2016.
             Quit the game on level 2 of the Dungeon.
             The game lasted 00:04:24 (1361 turns).

Ijustatesigmund the Skirmisher (Demonspawn Fighter) Turns: 1361, Time: 00:04:24

Health: 28/35      AC:  6    Str: 17    XL:     4   Next: 1%
Magic:  4/4        EV:  7    Int:  9    God:
Gold:   83         SH:  8    Dex: 13    Spells: 0 memorised, 3 levels left

rFire  + . .     SeeInvis .     a - +0 flail
rCold  . . .     Gourm    .     b - +0 scale mail
rNeg   . . .     Faith    .     c - +0 shield
rPois  .         Spirit   .     (helmet restricted)
rElec  .         Dismiss  .     (no cloak)
rCorr  .         Reflect  .     (no gloves)
SustAt .         Harm     .     (no boots)
MR     .....                    (no amulet)
Stlth  ..........               (no ring)
                                e - ring of protection from fire

@: mildly poisoned (28 -> 28)
A: hooves 1, horns 1, powered by death 1
a: no special abilities


You were on level 2 of the Dungeon.
You were not hungry.

You visited 1 branch of the dungeon, and saw 2 of its levels.

You collected 83 gold pieces.

Inventory:

Hand Weapons
 a - a +0 flail (weapon)
Armour
 b - a +0 scale mail (worn)
 c - a +0 shield (worn)
 g - a +0 helmet
Jewellery
 e - a ring of protection from fire (left hand)
Scrolls
 h - 2 scrolls of remove curse
Potions
 d - a potion of might
 j - a potion of heal wounds
Comestibles
 f - 3 bread rations
 i - a chunk of flesh
 k - a meat ration


   Skills:
 + Level 3.5 Fighting
 * Level 3.0 Maces & Flails
 - Level 2.6 Armour
 + Level 1.4 Dodging
 - Level 2.6 Shields


You had 3 spell levels left.
You didn't know any spells.

Dungeon Overview and Level Annotations

Branches:
Dungeon (2/15)

Altars:
Trog


Innate Abilities, Weirdness & Mutations

You have large cloven feet.
You have a pair of small horns on your head.
You regenerate a little health from kills.


Message History

You miss the adder. Your kick misses the adder. The adder bites you.
You are poisoned.
The adder poisons you! You block the adder's attack.
Your scale mail prevents you from hitting the adder.
You feel sick. The adder bites you. The adder bites you but does no damage.
You hit the adder.
The adder is moderately wounded.
You feel sick. You block the adder's attack.
The adder bites you but does no damage.
You closely miss the adder. You kick the adder, but do no damage.
The adder is moderately wounded.
The adder bites you but does no damage.
You sock the adder!
You kill the adder!
Your Maces & Flails skill increases to level 3!
You have reached level 4!
You feel stronger.
Your demonic ancestry asserts itself...
A pair of horns grows on your head!
Your +0 helmet falls away!
You feel sick.
Are you sure you want to abandon this character and quit the game? (Confirm with "yes".)

........# #.#
######### #.#
#.# #.# #.#
#.### #...#
##############.#
.......@.......#
################


There were no monsters in sight!

Vanquished Creatures
  2 adders (D:2)
  2 dart slugs (D:1)
  2 giant geckos (D:1)
  7 bats
  2 giant cockroaches
  5 goblins
  3 hobgoblins (D:1)
  11 kobolds
  2 giant newts (D:1)
  6 rats
42 creatures vanquished.

Notes
Turn   | Place    | Note
-------+----------+-------------------------------------------
     0 | D:1      | Ijustatesigmund the Demonspawn Fighter began the quest for the Orb.
     0 | D:1      | Reached XP level 1. HP: 18/18 MP: 1/1
    89 | D:1      | Gained mutation: You have large cloven feet. [demonic ancestry]
    89 | D:1      | Reached XP level 2. HP: 23/24 MP: 2/2
   328 | D:1      | Gained mutation: You regenerate a little health from kills. [demonic ancestry]
   328 | D:1      | Reached XP level 3. HP: 29/29 MP: 3/3
   819 | D:2      | Reached skill level 1 in Dodging
   964 | D:2      | Found a bloodstained altar of Trog.
  1360 | D:2      | Gained mutation: You have a pair of small horns on your head. [demonic ancestry]
  1360 | D:2      | Reached XP level 4. HP: 28/35 MP: 4/4
  1361 | D:2      | Quit the game

Vault maps used:
D:1:      lordsloth_arrival_two_stooges, st_stairs_5
D:2:      bloody_trog, first_bread, kennysheep_generic_room_2

Skill      XL: |  1  2  3 |
---------------+----------+-----
Maces & Flails | 2 3 |  3.0
Dodging        | 1 |  1.4
Fighting       | |  3.5
Armour         | |  2.6
Shields        | |  2.6

Action                   |  1- 3 |  4- 6 || total
-------------------------+-------+-------++-------
Melee: Flail             |   158 |       ||   158
       Kick              |    35 |       ||    35
  Use: Scroll            |     5 |       ||     5
  Eat: Chunk             |     2 |       ||     2
Armor: Scale mail        |    89 |       ||    89
Dodge: Dodged            |    45 |       ||    45
Block: Shield            |   107 |       ||   107
